 Dungeon Crawl Stone Soup version 0.29-a0-25-g7f48f51 (webtiles) character file.

Game seed: 4694813497513926017

135 Illumine the Charlatan (level 5, -3/37 HPs)
             Began as a Gnoll Wanderer on Jan 30, 2022.
             Slain by a gnoll (5 damage)
             ... on level 4 of the Dungeon.
             The game lasted 00:05:27 (3808 turns).

Illumine the Charlatan (Gnoll Wanderer)             Turns: 3808, Time: 00:05:28

Health: -3/37      AC:  3    Str: 10    XL:     5   Next: 18%
Magic:  1/9        EV: 12    Int: 15    God:
Gold:   160        SH:  0    Dex: 11    Spells: 6/10 levels left

rFire   . . .      SeeInvis .   a - +0 dagger (venom)
rCold   . . .      Faith    .   (no shield)
rNeg    . . .      Spirit   .   d - +0 leather armour
rPois   .          Reflect  .   (no helmet)
rElec   .          Harm     .   (no cloak)
rCorr   .          Rampage  .   (no gloves)
Will    .....                   (no boots)
Stlth   ++........              (no amulet)
HPRegen 0.12/turn               (no ring)
MPRegen 0.11/turn               (no ring)

@: about to teleport
A: fangs 1, strong nose, distributed training
a: no special abilities


You were on level 4 of the Dungeon.
You visited 1 branch of the dungeon, and saw 4 of its levels.

You collected 160 gold pieces.

Inventory:

Hand Weapons
 a - a +0 dagger of venom (weapon)
Missiles
 b - 3 throwing nets (quivered)
Armour
 d - a +0 leather armour (worn)
Jewellery
 o - a +6 ring of dexterity
Wands
 c - a wand of flame (5)
 n - a wand of paralysis (13)
 p - a wand of acid (5)
Scrolls
 e - 2 scrolls of fear {unknown}
 g - 2 scrolls of teleportation
 h - 4 scrolls of identify {unknown}
 k - a scroll of enchant armour {unknown}
 l - a scroll of vulnerability {unknown}
 m - a scroll of silence {unknown}
Potions
 f - a potion of curing {unknown}
 i - a potion of mutation {unknown}
 j - a potion of resistance {unknown}


   Skills:
 + Level 1.4 Fighting
 + Level 1.4 Short Blades
 + Level 1.4 Long Blades
 + Level 1.4 Axes
 + Level 1.4 Maces & Flails
 + Level 1.4 Polearms
 + Level 1.4 Staves
 + Level 1.4 Slings
 + Level 1.4 Bows
 + Level 1.4 Crossbows
 + Level 2.9 Throwing
 + Level 1.4 Armour
 + Level 4.7 Dodging
 + Level 2.7 Stealth
 + Level 1.4 Shields
 + Level 1.4 Unarmed Combat
 + Level 3.1 Spellcasting
 + Level 1.1 Conjurations
 + Level 1.1 Hexes
 + Level 1.1 Summonings
 + Level 1.1 Necromancy
 + Level 1.1 Translocations
 + Level 1.1 Transmutations
 + Level 1.1 Fire Magic
 + Level 1.1 Ice Magic
 + Level 3.9 Air Magic
 + Level 1.1 Earth Magic
 + Level 1.1 Poison Magic
 + Level 1.5 Invocations
 + Level 6.6 Evocations


You had 6 spell levels left.
You knew the following spells:

 Your Spells              Type           Power      Damage    Failure   Level
a - Shock                 Conj/Air       36%        1d5       10%         1
b - Swiftness             Air            14%        N/A       16%         3

Your spell library contained the following spells:

 Spells                   Type           Power      Damage    Failure   Level
 Dazzling Flash           Conj/Hex       10%        N/A       43%         3
 Silence                  Hex/Air        4%         N/A       95%         5
 Agony                    Necr           5%         N/A       99%         5


Dungeon Overview and Level Annotations

Branches:
Dungeon (4/15)
 Temple: D:4-7

Altars:

Shops:
D:2 (

Annotations:
D:3 3 runed translucent doors, Caerwyn's ghost, amateur KoEn


Innate Abilities, Weirdness & Mutations

You have very sharp teeth.
Your uncanny sense of smell can sniff out nearby items.
Your experience applies equally to all skills.


Message History

You see here a +0 flail.
The gnoll hits you but does no damage.
You closely miss the gnoll. The gnoll hits you with a +0 spear.
You hit the gnoll.
The gnoll is poisoned.
The gnoll is lightly wounded.
The gnoll closely misses you. The gnoll hits you with a +0 spear!
The gnoll shaman calls upon its god to heal the gnoll.
The gnoll's wounds heal themselves!
The gnoll misses you.
You hit the gnoll.
The gnoll is moderately wounded.
The gnoll hits you with a +0 spear. The gnoll barely misses you.
The gnoll shaman barely misses you.
Casting: Shock (safe; 10% risk of failure)
Confirm with . or Enter, or press ? or * to list all spells.
Aiming: Shock (safe; 10% risk of failure)
Press: ? - help, Shift-Dir - straight line, f - gnoll shaman
Aim: a gnoll shaman, wielding a +0 club and wearing a +0 leather armour (heavily wounded, 72% to hit)
The zap hits the gnoll shaman.
The gnoll shaman is severely wounded.
The zap hits the gnoll.
The gnoll is lightly wounded.
The zap misses the gnoll.
The gnoll misses you. The gnoll shaman barely misses you.
The gnoll hits you with a +0 spear!
You hit the gnoll but do no damage. You bite the gnoll, but do no damage.
The gnoll is heavily wounded.
The gnoll closely misses you. The gnoll misses you.
The gnoll barely misses you.
The gnoll shaman calls upon its god to heal the gnoll.
The gnoll's wounds heal themselves!
You closely miss the gnoll shaman.
The gnoll shaman is severely wounded.
The gnoll closely misses you. The gnoll hits you with a +0 spear.
* * * LOW HITPOINT WARNING * * *
The gnoll shaman hits you with a +0 club.
* * * LOW HITPOINT WARNING * * *
Unknown command.
As you read the scroll labelled KUISOSK GEBE, it crumbles to dust.
You feel strangely unstable.
It was a scroll of teleportation.
The gnoll hits you from afar with a +0 halberd.
You die...

....# #....# #....#
#....# ### #....#
#.# #....#
#.#######....#
#..ggg@g.....######
#.#######.........#
#.# #<.(.......#
#.# ##.........#
#g# #.........# #g#
##########.
##g################
#....g.g.g.........
###################


You could see a gnoll shaman and 3 gnolls.

Vanquished Creatures
  An orc wizard (D:3)
  3 adders (D:2)
  A gnoll (D:4)
  A worm (D:2)
  2 dart slugs (D:1)
  4 orcs (D:3)
  5 ball pythons
  5 endoplasms
  2 giant cockroaches (D:2)
  5 goblins
  6 hobgoblins
  8 jackals (D:2)
  8 kobolds
  3 quokkas
  2 bats (D:2)
  3 rats
59 creatures vanquished.

Notes
Turn   | Place    | Note
-------+----------+-------------------------------------------
     0 | D:1      | Illumine the Gnoll Wanderer began the quest for the Orb.
     0 | D:1      | Illumine set off with the following items: a +0 club, 3
                  | throwing nets, a wand of flame (5), a +0 leather armour;
                  | and the following spell memorised: Shock; and the following
                  | spells available to memorise: Swiftness
     0 | D:1      | Reached XP level 1. HP: 13/13 MP: 4/4
   268 | D:1      | Reached XP level 2. HP: 11/19 MP: 1/5
  1228 | D:1      | Reached XP level 3. HP: 25/25 MP: 1/7
  1746 | D:2      | Reached skill level 1 in Invocations
  1857 | D:2      | Found a faded altar of an unknown god.
  1995 | D:2      | Reached skill level 1 in Fighting
  1995 | D:2      | Reached skill level 1 in Short Blades
  1995 | D:2      | Reached skill level 1 in Long Blades
  1995 | D:2      | Reached skill level 1 in Axes
  1995 | D:2      | Reached skill level 1 in Maces & Flails
  1995 | D:2      | Reached skill level 1 in Polearms
  1995 | D:2      | Reached skill level 1 in Staves
  1995 | D:2      | Reached skill level 1 in Slings
  1995 | D:2      | Reached skill level 1 in Bows
  1995 | D:2      | Reached skill level 1 in Crossbows
  1995 | D:2      | Reached skill level 1 in Armour
  1995 | D:2      | Reached skill level 1 in Shields
  1995 | D:2      | Reached skill level 1 in Unarmed Combat
  2131 | D:2      | Found Juopan's Weapon Boutique.
  2184 | D:2      | Reached XP level 4. HP: 32/32 MP: 1/8
  2254 | D:2      | HP: 1/32 [jackal (1)]
  3142 | D:3      | Reached skill level 1 in Conjurations
  3142 | D:3      | Reached skill level 1 in Hexes
  3142 | D:3      | Reached skill level 1 in Summonings
  3142 | D:3      | Reached skill level 1 in Necromancy
  3142 | D:3      | Reached skill level 1 in Translocations
  3142 | D:3      | Reached skill level 1 in Transmutations
  3142 | D:3      | Reached skill level 1 in Fire Magic
  3142 | D:3      | Reached skill level 1 in Ice Magic
  3142 | D:3      | Reached skill level 1 in Earth Magic
  3142 | D:3      | Reached skill level 1 in Poison Magic
  3204 | D:3      | Noticed Caerwyn's ghost (amateur KoEn)
  3235 | D:3      | Found a runed translucent gate.
  3235 | D:3      | Found a runed translucent gate.
  3235 | D:3      | Found a runed translucent gate.
  3355 | D:3      | Reached XP level 5. HP: 21/37 MP: 1/9
  3488 | D:3      | Learned a level 3 spell: Swiftness
  3808 | D:4      | Slain by a gnoll

Illustrated notes

Levels and vault maps discovered:
D:1:      lemuel_arrival_lava_pool, layout_loops_corners, minmay_statues_item
D:2:      layout_basic, shapermc_ecumenical_altar_notcrosses, serial_shops,
          nicolae_shop_bloodbath_and_beyond
D:3:      layout_basic, gammafunk_ghost_icy
D:4:      kennysheep_slugbush, layout_basic, serial_shops, shop

Skill      XL: |  1  2  3  4 |
---------------+-------------+-----
Invocations    | 1 |  1.5
Fighting       | 1 |  1.4
Short Blades   | 1 |  1.4
Long Blades    | 1 |  1.4
Axes           | 1 |  1.4
Maces & Flails | 1 |  1.4
Polearms       | 1 |  1.4
Staves         | 1 |  1.4
Slings         | 1 |  1.4
Bows           | 1 |  1.4
Crossbows      | 1 |  1.4
Armour         | 1 |  1.4
Shields        | 1 |  1.4
Unarmed Combat | 1 |  1.4
Spellcasting   | 3 |  3.1
Conjurations   | 1 |  1.1
Hexes          | 1 |  1.1
Summonings     | 1 |  1.1
Necromancy     | 1 |  1.1
Translocations | 1 |  1.1
Transmutations | 1 |  1.1
Fire Magic     | 1 |  1.1
Ice Magic      | 1 |  1.1
Earth Magic    | 1 |  1.1
Poison Magic   | 1 |  1.1
Throwing       | |  2.9
Dodging        | |  4.7
Stealth        | |  2.7
Air Magic      | |  3.9
Evocations     | |  6.6

Action                   |  1- 3 |  4- 6 || total
-------------------------+-------+-------++-------
Melee: Club              |    17 |       ||    17
       Bite              |     3 |     3 ||     6
       Dagger            |       |    52 ||    52
 Cast: Shock             |    70 |    42 ||   112
  Use: Scroll            |       |     1 ||     1
 Stab: Sleeping          |     2 |     1 ||     3
Armor: Leather armour    |     5 |     9 ||    14
Dodge: Dodged            |    14 |    34 ||    48

Table legend: (Time is in decaauts)
 A = Elapsed time spent in this place.
 B = Non-inter-level travel time spent in this place.
 C = Inter-level travel time spent in this place.
 D = Time resting spent in this place.
 E = Time spent auto-exploring this place.
 F = Levels seen in this place.
 G = Mean time per level.
                   A        B        C        D        E       F      G
               +--------+--------+--------+--------+--------+-----+--------+
         Total |   3808 |   3769 |     39 |    507 |   2767 |   4 |  952.0 |
       Dungeon |   3808 |   3769 |     39 |    507 |   2767 |   4 |  952.0 |
               +--------+--------+--------+--------+--------+-----+--------+

Top non-repeatable levels by time:
     D:1: 1663 daAuts
     D:2: 1365 daAuts
     D:3: 709 daAuts
     D:4: 70 daAuts
